 Dungeon Crawl Stone Soup version 0.31-a0-948-gf5be29c462 (webtiles) character file.

Game seed: 3842010759795918073

88 BinkBink the Shooter (level 4, 0/23 HPs)
             Began as a Spriggan Hunter on Oct 21, 2023.
             Slain by an orc
             ... wielding a +0 hand axe
              (2 damage)
             ... on level 3 of the Dungeon.
             The game lasted 00:01:55 (1052 turns).

BinkBink the Shooter (Spriggan Hunter)              Turns: 1052, Time: 00:01:56

Health: 0/23       AC:  2    Str:  7    XL:     4   Next: 30%
Magic:  0/5        EV: 18    Int: 10    God:
Gold:   57         SH:  0    Dex: 20    Spells: 3/3 levels left

rFire   . . .        a - +0 shortbow
rCold   . . .        (shield currently unavailable)
rNeg    . . .        c - +0 robe
rPois   .            (helmet restricted)
rElec   .            (no cloak)
rCorr   .            (gloves unavailable)
SInv    +            (boots unavailable)
Will    .....        h - amulet of guardian spirit
Stlth   ++           (no ring)
HPRegen 0.23/turn    (no ring)
MPRegen 0.09/turn

%: guardian spirit
@: very quick
A: very small, no large weapons, unfitting armour, see invisible, speed 3
a: no special abilities


You were on level 3 of the Dungeon.
You visited 1 branch of the dungeon, and saw 4 of its levels.

You collected 57 gold pieces.

Inventory:

Hand Weapons
 a - a +0 shortbow (weapon)
Armour
 c - a +0 robe (worn)
Jewellery
 h - an amulet of guardian spirit (around neck)
Scrolls
 b - a scroll of butterflies
 e - 2 scrolls of silence {unknown}
 f - 2 scrolls of immolation {unknown}
 g - 2 scrolls of brand weapon {unknown}
 k - a scroll of amnesia {unknown}
 l - 2 scrolls of identify {unknown}
 m - 2 scrolls of teleportation {unknown}
 o - a scroll of enchant armour {unknown}
Potions
 d - 3 potions of curing {unknown}
 i - a potion of ambrosia {unknown}
 j - a potion of might {unknown}
 n - a potion of mutation {unknown}


   Skills:
 + Level 2.5 Fighting
 * Level 5.3 Ranged Weapons
 - Level 2.6 Dodging
 - Level 1.5 Stealth


You had 3 spell levels left.
You didn't know any spells.
Your spell library was empty.

Dungeon Overview and Level Annotations

Branches:
Dungeon (4/15)
 Temple: D:4-7

Altars:


Innate Abilities, Weirdness & Mutations

You are very small and have problems with some larger weapons.
You are too small for most types of armour.
You have supernaturally acute eyesight. (SInv)
You cover ground extremely quickly. (Speed+++)


Message History

The orc completely misses you.
You shoot an arrow.
The arrow hits the orc but does no damage.
The orc is almost dead.
The orc hits you but does no damage. The orc misses you.
The orc hits you with a +0 hand axe.
You shoot an arrow. The arrow hits the orc wizard.
The orc wizard is lightly wounded.
The orc misses you.
You shoot an arrow. The arrow barely misses the orc.
The orc wizard hits you with a +0 dagger.
The orc completely misses you. The orc hits you with a +0 hand axe.
You shoot an arrow. The arrow hits the orc.
You kill the orc!
The orc wizard misses you. The orc closely misses you.
You shoot an arrow. The arrow hits the orc wizard.
The orc wizard is heavily wounded.
The orc wizard casts a spell at you. The magic dart hits you!
The orc misses you.
You are too injured to fight recklessly!
You are too injured to fight recklessly!
You are too injured to fight recklessly!
Fire: a) +0 shortbow
Press: ? - help, Q - select action Shift-Dir - straight line, f/p - orc wizard
Aim: an orc wizard, wielding a +0 dagger and wearing a +0 robe (heavily wounded, 59% to hit)
You shoot an arrow. The arrow hits the orc wizard!
The orc wizard is almost dead.
The orc wizard points at you and mumbles some strange words.
The magic dart hits you.
* * * LOW HITPOINT WARNING * * *
The orc completely misses you.
Fire: a) +0 shortbow
Press: ? - help, Q - select action Shift-Dir - straight line, f/p - orc wizard
Aim: an orc wizard, wielding a +0 dagger and wearing a +0 robe (almost dead, 59% to hit)
You shoot an arrow. The arrow hits the orc wizard.
You kill the orc wizard!
The orc hits you with a +0 hand axe.
* * * LOW HITPOINT WARNING * * *
The orc hits you with a +0 hand axe.
You die...

####.........).
...............
...............
...............
...............
...............
......)o)......
.......@.....[.
.....##########
#.. #


You could see an orc.

Vanquished Creatures
  An orc wizard (D:3)
  Natasha (D:2)
  An adder (D:2)
  2 worms (D:2)
  3 dart slugs
  2 orcs
  2 ball pythons (D:1)
  5 bats
  2 endoplasms (D:2)
  2 goblins (D:2)
  3 hobgoblins
  3 jackals (D:2)
  4 quokkas
  4 frilled lizards
  4 kobolds
  4 rats
43 creatures vanquished.

Notes
Turn   | Place    | Note
-------+----------+-------------------------------------------
     0 | D:1      | BinkBink the Spriggan Hunter began the quest for the Orb.
     0 | D:1      | Reached XP level 1. HP: 10/10 MP: 2/2
   202 | D:1      | Reached XP level 2. HP: 15/15 MP: 3/3
   581 | D:2      | Reached XP level 3. HP: 12/18 MP: 4/4
   771 | D:2      | Reached skill level 5 in Ranged Weapons
   885 | D:2      | Identified the +5 scale mail of Purpose {rElec rPois}
   924 | D:2      | Noticed Natasha
   928 | D:2      | Killed Natasha
   929 | D:2      | Reached XP level 4. HP: 15/23 MP: 3/5
   963 | D:2      | You fall into a shaft and drop 2 floors!
  1009 | D:4      | Noticed a scorpion
  1052 | D:3      | Slain by an orc

Illustrated notes

Levels and vault maps discovered:
D:1:      ncdulo_wetmaze, layout_basic
D:2:      layout_rooms, uniq_natasha
D:3:      layout_basic, grunt_temple_overflow_forces_of_nature,
          grunt_dithmenos_smoke_and_mirrors, grunt_decor_mini_mirrors,
          uniq_sigmund
D:4:      layout_basic, nemelex_altar_shiori, mainiacjoe_overflow_brackets,
          dreamdust_wishing_well

Skill      XL: |  1  2  3 |
---------------+----------+-----
Fighting       | 2 |  2.5
Ranged Weapons | 5 |  5.3
Dodging        | |  2.6
Stealth        | |  1.5

Action                     |  1- 3 |  4- 6 || total
---------------------------+-------+-------++-------
   Fire: Shortbow          |    94 |    15 ||   109
 Armour: Robe              |     5 |     9 ||    14
  Dodge: Dodged            |    18 |     9 ||    27

Table legend: (Time is in decaauts)
 A = Elapsed time spent in this place.
 B = Non-inter-level travel time spent in this place.
 C = Inter-level travel time spent in this place.
 D = Time resting spent in this place.
 E = Time spent auto-exploring this place.
 F = Levels seen in this place.
 G = Mean time per level.
                   A        B        C        D        E       F      G
               +--------+--------+--------+--------+--------+-----+--------+
         Total |    742 |    695 |     47 |      0 |    494 |   4 |  185.5 |
       Dungeon |    742 |    695 |     47 |      0 |    494 |   4 |  185.5 |
               +--------+--------+--------+--------+--------+-----+--------+

Top non-repeatable levels by time:
     D:1: 376 daAuts
     D:2: 305 daAuts
     D:4: 48 daAuts
     D:3: 12 daAuts
